 Dungeon Crawl Stone Soup version 0.30.0-2-g1aa4bd4387 (webtiles) character file.

Game seed: 6363018803245271439

98 Eitelfritz the Slasher (level 4, -2/37 HPs)
             Began as a Minotaur Gladiator on May 7, 2023.
             Was a Follower of Nemelex Xobeh.
             Slain by an orc
             ... wielding a +0 dagger
              (4 damage)
             ... on level 3 of the Dungeon.
             The game lasted 00:03:41 (1854 turns).

Eitelfritz the Slasher (Minotaur Gladiator)         Turns: 1854, Time: 00:03:42

Health: -2/37      AC:  4    Str: 19    XL:     4   Next: 44%
Magic:  3/3        EV: 12    Int:  7    God:    Nemelex Xobeh [*.....]
Gold:   100        SH:  0    Dex: 11    Spells: 3/3 levels left

rFire   . . .        a - +0 long sword
rCold   . . .        (no shield)
rNeg    . . .        l - +0 leather armour
rPois   .            c - +0 hat
rElec   .            (no cloak)
rCorr   .            h - +0 pair of gloves
SInv    .            (no boots)
Will    .....        (no amulet)
Stlth   +            (no ring)
HPRegen 0.26/turn    (no ring)
MPRegen 0.08/turn

%: no passive effects
@: no status effects
A: horns 2, retaliatory headbutt
a: Renounce Religion, Draw Escape, Draw Destruction, Draw Summoning


You were on level 3 of the Dungeon.
You worshipped Nemelex Xobeh.
Nemelex Xobeh was aware of your devotion.
You visited 1 branch of the dungeon, and saw 3 of its levels.

You collected 100 gold pieces.

Inventory:

Hand Weapons
 a - a +0 long sword (weapon)
 b - a +0 sling of freezing
Missiles
 d - 3 throwing nets (quivered)
 e - a javelin
 p - 6 poisoned darts
Armour
 c - a +0 hat (worn)
 h - a +0 pair of gloves (worn)
 k - a +0 scale mail
 l - a +0 leather armour (worn)
Jewellery
 m - a +4 ring of slaying
Scrolls
 i - 6 scrolls of noise {unknown}
 j - 3 scrolls of identify {unknown}
 n - a scroll of teleportation {unknown}
Potions
 f - a potion of heal wounds {unknown}
 g - a potion of flight {unknown}
 o - a potion of degeneration {unknown}


   Skills:
 + Level 2.8 Fighting
 + Level 4.6 Long Blades
 + Level 2.0 Throwing
 + Level 1.4 Armour
 + Level 4.2 Dodging
 + Level 0.4 Stealth
 * Level 1.1 Invocations


You had 3 spell levels left.
You didn't know any spells.
Your spell library contained the following spells:

 Spells                   Type           Power      Damage    Failure   Level
 Cigotuvi's Dreadful Rot  Necr/Pois/Air  0%         N/A       63%         2
 Ensorcelled Hibernation  Hex/Ice        0%         N/A       63%         2
 Passwall                 Tmut/Erth      0%         N/A       63%         2
 Ignite Poison            Fire/Tmut/Pois 0%         N/A       86%         3
 Swiftness                Air            0%         N/A       86%         3
 Dispel Undead            Necr           0%         3d6       99%         4
 Death Channel            Necr           0%         N/A       100%        6
 Lehudib's Crystal Spear  Conj/Erth      0%         10d2      100%        8


Dungeon Overview and Level Annotations

Branches:
Dungeon (3/15)

Altars:
Nemelex Xobeh


Innate Abilities, Weirdness & Mutations

You have a pair of horns on your head.
You reflexively headbutt those who attack you in melee.


Message History

You kill the bat!
The orc closely misses you.
You hit the orc.
The orc is moderately wounded.
The orc hits you with a +0 trident. The orc barely misses you.
You hit the orc. You headbutt the orc.
You kill the orc!
An orc comes into view. It is wielding a +0 dagger.
The giant cockroach bites you but does no damage.
The orc hits you with a +0 dagger.
You see here a +0 trident.
The orc shouts!
You hit the giant cockroach.
The giant cockroach is almost dead.
The giant cockroach bites you but does no damage.
The orc hits you with a +0 dagger.
* * * LOW HITPOINT WARNING * * *
The giant cockroach bites you but does no damage.
You slash the giant cockroach!
You kill the giant cockroach!
The orc hits you with a +0 dagger.
* * * LOW HITPOINT WARNING * * *
Unknown command.
You hit the orc.
The orc is heavily wounded.
The orc barely misses you.
You hit the orc.
The orc is heavily wounded.
The orc hits you with a +0 dagger.
* * * LOW HITPOINT WARNING * * *
You draw a card...
You have drawn the Tomb.
Walls emerge from the floor!
The orc hits you but does no damage.
You barely miss the orc. Your headbutt misses the orc.
The orc is heavily wounded.
The orc hits you but does no damage. The orc hits you with a +0 dagger.
* * * LOW HITPOINT WARNING * * *
You draw a card...
You have drawn the Tomb.
Nothing appears to happen.
The orc hits you with a +0 dagger.
You die...
Your body glows slightly and disappears.

..#+########+######
#.....oo@#.........
.......###.........
...................######
..#+######.).......#..... .
#.).....$.#.....
####....>....#.....
#!...........#.....
#............#.....
#########............#..<..


You could see 2 orcs.

Vanquished Creatures
  4 adders
  3 dart slugs
  2 orcs (D:3)
  6 ball pythons
  7 endoplasms
  A giant cockroach (D:3)
  5 goblins
  8 hobgoblins
  4 kobolds
  8 bats
  2 frilled lizards (D:2)
  4 rats
54 creatures vanquished.

Notes
Turn   | Place    | Note
-------+----------+-------------------------------------------
     0 | D:1      | Eitelfritz the Minotaur Gladiator began the quest for the
                  | Orb.
     0 | D:1      | Reached XP level 1. HP: 18/18 MP: 0/0
   140 | D:1      | Found a faded altar of an unknown god.
   153 | D:1      | Reached XP level 2. HP: 23/25 MP: 1/1
   692 | D:1      | Prayed at the altar of an unknown god.
   692 | D:1      | Became a worshipper of Nemelex Xobeh the Trickster
   692 | D:1      | Reached * piety under Nemelex Xobeh
   773 | D:2      | Reached XP level 3. HP: 28/30 MP: 2/2
   910 | D:2      | Received a gift from Nemelex Xobeh
  1344 | D:2      | Got the Spellbook of Poison and the Plateau
  1514 | D:2      | Reached skill level 1 in Armour
  1514 | D:2      | Reached skill level 1 in Invocations
  1514 | D:2      | Reached XP level 4. HP: 37/37 MP: 3/3
  1853 | D:3      | HP: 1/37 [orc/+0 dagger (2)]
  1854 | D:3      | Slain by an orc

Illustrated notes

Levels and vault maps discovered:
D:1:      arrival_zaba_pyramid, layout_loops_ring,
          hellmonk_ecumenical_altar_leap_of_faith
D:2:      layout_basic
D:3:      layout_basic, uniq_terence, uniq_ijyb

Skill      XL: |  1  2  3 |
---------------+----------+-----
Long Blades    | 4 |  4.6
Dodging        | 4 |  4.2
Armour         | 1 |  1.4
Invocations    | 1 |  1.1
Fighting       | |  2.8
Throwing       | |  2.0
Stealth        | |  0.4

Action                     |  1- 3 |  4- 6 || total
---------------------------+-------+-------++-------
  Melee: Long sword        |    92 |    25 ||   117
         Headbutt          |    13 |     2 ||    15
         Punch             |     1 |       ||     1
 Invoke: Draw Escape       |       |     2 ||     2
   Stab: Sleeping          |     1 |     1 ||     2
 Armour: Leather armour    |    37 |     9 ||    46
  Dodge: Dodged            |    71 |    20 ||    91
